 Seeded DCSS version 0.28.0-45-g0d030f2227 (webtiles) character file.

Game seed: 14447413411792647702 (custom seed)

29 zeratav the Chopper (level 3, 0/33 HPs)
             Began as a Hill Orc Monk on Apr 20, 2022.
             Succumbed to an adder's poison
             ... on level 2 of the Dungeon.
             The game lasted 00:01:36 (1323 turns).

zeratav the Chopper (Hill Orc Monk)                 Turns: 1323, Time: 00:01:37

Health: 0/33       AC:  3    Str: 15    XL:     3   Next: 16%
Magic:  2/4        EV: 12    Int: 10    God:
Gold:   68         SH:  0    Dex: 13    Spells: 2/2 levels left

rFire   + . .      SeeInvis .   a - +0 hand axe {axe}
rCold   + . .      Faith    .   (no shield)
rNeg    + . .      Spirit   .   i - +0 leather armour
rPois   +          Reflect  .   (no helmet)
rElec   +          Harm     .   (no cloak)
rCorr   +          Rampage  .   (no gloves)
Will    .....                   (no boots)
Stlth   ++........              (no amulet)
HPRegen 0.11/turn               e - ring of positive energy
MPRegen 0.09/turn               (no ring)

@: lethally poisoned (0 -> -6), resistant
A: no striking features
a: no special abilities


You were on level 2 of the Dungeon.
You visited 1 branch of the dungeon, and saw 2 of its levels.

You collected 68 gold pieces.


   Skills:
 + Level 3.9 Fighting
 * Level 4.7 Axes
 + Level 1.0 Armour
 - Level 2.4 Dodging
 - Level 1.5 Stealth
 + Level 1.4 Invocations


You had 2 spell levels left.
You didn't know any spells.
Your spell library was empty.

Inventory:

Hand Weapons
 a - a +0 hand axe (weapon) {axe}
Armour
 b - a +0 robe
 i - a +0 leather armour (worn)
   (You found it on level 1 of the Dungeon)
Jewellery
 e - a ring of positive energy (left hand)
   (You found it on level 1 of the Dungeon)
Scrolls
 c - a scroll of enchant weapon {unknown}
 h - a scroll of brand weapon {unknown}
 j - a scroll of blinking {unknown}
 k - a scroll of teleportation {unknown}
 l - a scroll of vulnerability {unknown}
Potions
 f - a potion of brilliance {unknown}
 g - a potion of might {unknown}

Dungeon Overview and Level Annotations

Branches:
Dungeon (2/15)

Altars:

..# #.# #.. .# #.
#.# #.###.# .>. ..
#.# #.....# #.# #.
#.# ###.### .....
##.## #.# #.#.
##...## #.# ..w
#.....# #.###
#†###..†### ##...#
#@.......# ##.###.
#..#.###.# #..# #.
#....###.####.###.
...................
###...#.##.######...
#........# ####..#
#####.#### #......
#.# #.##.## #.##.##


You could see a dart slug.


Message History

You hit the ball python. The ball python barely misses you.
The ball python grabs you. The ball python constricts you.
You hit the ball python but do no damage.
The ball python bites you. The ball python constricts you.
The ball python bites you but does no damage.
The ball python constricts you.
HP[-2]
You take 2 damage, and now have 25/27 hp.
You hit the ball python but do no damage.
The ball python bites you. The ball python constricts you.
HP[-2]
You take 2 damage, and now have 23/27 hp.
You closely miss the ball python.
The ball python bites you but does no damage.
The ball python constricts you.
You hit the ball python.
You kill the ball python!
No target in view!
No target in view!
No target in view!
No target in view!
No target in view!
No target in view!
No target in view!
No target in view!
No target in view!
No target in view!
No target in view!
No target in view!
No target in view!
You see here a +0 robe.
A giant cockroach comes into view.
HP[+4]
Your hp is fully restored (27).
A giant cockroach is nearby!
You hit the giant cockroach.
You kill the giant cockroach!
No target in view!
No target in view!
No target in view!
No target in view!
No target in view!
No target in view!
No target in view!
No target in view!
No target in view!
No target in view!
No target in view!
You see here a giant cockroach corpse.
A dart slug and an adder come into view.
Found a stone staircase leading down.
The adder bites you but does no damage. The adder barely misses you.
You hit the adder. The adder bites you.
HP[-2]
You take 2 damage, and now have 25/27 hp.
You closely miss the adder. The adder bites you.
You are poisoned.
The adder poisons you!
HP[-3]
You take 3 damage, and now have 22/27 hp.
You hit the adder.
You feel sick. The adder bites you. x2
You are more poisoned.
The adder poisons you!
HP[-6]
You take 6 damage, and now have 16/27 hp.
MASSIVE DAMAGE!! (PAUSE)
You barely miss the adder.
You feel sick. The adder bites you.
* * * LOW HITPOINT WARNING * * *
You are lethally poisoned!
The adder poisons you!
HP[-5]
You take 5 damage, and now have 11/27 hp.
You barely miss the adder.
* * * LOW HITPOINT WARNING * * *
You feel very sick. The adder bites you.
* * * LOW HITPOINT WARNING * * *
The adder misses you.
HP[-5]
You take 5 damage, and now have 6/27 hp.
You hit the adder.
* * * LOW HITPOINT WARNING * * *
You feel very sick. The adder bites you but does no damage.
HP[-3]
You take 3 damage, and now have 3/27 hp.
You hit the adder.
You kill the adder!
* * * LOW HITPOINT WARNING * * *
You feel sick.
Your Armour skill increases to level 1!
You have reached level 3!
Your experience leads to an increase in your attributes!
Increase (S)trength, (I)ntelligence, or (D)exterity?
You feel stronger. x2
HP[-1]
You now have 33 max hp (+6).
It was a potion of resistance.
You feel protected.
You die...

Skill      XL: |  1  2 |
---------------+-------+-----
Invocations    | 1 |  1.4
Armour         | 1 |  1.0
Fighting       | |  3.9
Axes           | |  4.7
Dodging        | |  2.4
Stealth        | |  1.5

Action                   || total
-------------------------++-------
Melee: Hand axe          ||    53
  Use: Potion            ||     1
 Stab: Sleeping          ||     4
Armor: Leather armour    ||    16
Dodge: Dodged            ||    37

Levels and vault maps discovered:
D:1:      dpeg_arrival_houses_and_road, layout_loops_ring, minmay_tromino_v4_a
D:2:      layout_loops_corners, shapermc_ecumenical_altar_rom_forum, st_stairs_8

Notes
Turn   | Place    | Note
-------+----------+-------------------------------------------
     0 | D:1      | zeratav the Hill Orc Monk began the quest for the Orb.
     0 | D:1      | Reached XP level 1. HP: 19/19 MP: 1/1
     0 | D:1      | magus.rc [v1.9.6]
   148 | D:1      | Reached XP level 2. HP: 27/27 MP: 2/2
   543 | D:1      | Reached skill level 1 in Invocations
  1320 | D:2      | HP: 6/27 [adder (3)]
  1322 | D:2      | HP: 2/27 [poisoned by an adder]
  1323 | D:2      | Reached skill level 1 in Armour
  1323 | D:2      | Reached XP level 3. HP: 2/33 MP: 2/4
  1323 | D:2      | Succumbed to an adder's poison

Vanquished Creatures
  An adder (D:2)
  A dart slug (D:1)
  3 endoplasms (D:1)
  A giant cockroach (D:2)
  2 hobgoblins (D:1)
  A quokka (D:1)
  4 ball pythons
  2 bats
  A goblin (D:1)
  A kobold (D:1)
  A rat (D:1)
18 creatures vanquished.

Vanquished Creatures (others)
  3 fungi (D:2)
3 creatures vanquished.

Grand Total: 21 creatures vanquished

Table legend:
 A = Non-vault XP
 B = Vault XP
 C = Vault XP percentage of total XP
 D = Non-vault monster count
 E = Vault monster count
 F = Vault count percentage of total count
                 A         B        C        D         E       F
            +---------+---------+-------+---------+---------+-------
      Total |      25 |      17 |  40.5 |      15 |       3 |  16.7
            +---------+---------+-------+---------+---------+-------
        D:1 |      20 |       4 |  16.7 |      12 |       2 |  14.3
        D:2 |       5 |      13 |  72.2 |       3 |       1 |  25.0
            +---------+---------+-------+---------+---------+-------

Illustrated notes

Table legend:
 A = Kills in this place as a percentage of kills in entire the game.
 B = Kills by you in this place as a percentage of kills by you in the entire game.
 C = Kills by friends in this place as a percentage of kills by friends in the entire game.
 D = Other kills in this place as a percentage of other kills in the entire game.
 E = Experience gained in this place as a percentage of experience gained in the entire game.
 F = Experience gained in this place divided by the number of levels of this place that you have seen.
                   A       B       C       D       E      F
               +-------+-------+-------+-------+-------+----------------------
         Total | 100.0 | 100.0 |   N/A |   N/A | 100.0 |  21.0
       Dungeon | 100.0 | 100.0 |   N/A |   N/A | 100.0 |  21.0
               +-------+-------+-------+-------+-------+----------------------

Table legend: (Time is in decaauts)
 A = Elapsed time spent in this place.
 B = Non-inter-level travel time spent in this place.
 C = Inter-level travel time spent in this place.
 D = Time resting spent in this place.
 E = Time spent auto-exploring this place.
 F = Levels seen in this place.
 G = Mean time per level.
                   A        B        C        D        E       F      G
               +--------+--------+--------+--------+--------+-----+--------+
         Total |   1326 |   1256 |     70 |      0 |   1104 |   2 |  663.0 |
       Dungeon |   1326 |   1256 |     70 |      0 |   1104 |   2 |  663.0 |
               +--------+--------+--------+--------+--------+-----+--------+

Top non-repeatable levels by time:
     D:1: 881 daAuts
     D:2: 444 daAuts
